 Dungeon Crawl Stone Soup version 0.19-a0-1201-gda63bca (webtiles) character file.

39650 inmateoo the Fencer (level 13, 0/105 HPs)
             Began as a Minotaur Gladiator on Aug 20, 2016.
             Was the Champion of Hepliaklqana.
             Killed from afar by a lindwurm (10 damage)
             ... with a blast of flame
             ... on level 6 of the Lair of Beasts.
             The game lasted 00:27:28 (18866 turns).

inmateoo the Fencer (Minotaur Gladiator)           Turns: 18866, Time: 00:27:29

Health: 0/105      AC: 13    Str: 30    XL:     13   Next: 70%
Magic:  15/15      EV: 19    Int:  2    God:    Hepliaklqana [******]
Gold:   1023       SH: 17    Dex: 19    Spells: 0 memorised, 12 levels left

rFire  + . .     SeeInvis .     q - +0 scimitar (slice)
rCold  + . .     Gourm    .     u - +2 scale mail of the Volcano {Str+4}
rNeg   . . .     Faith    .     R - +0 shield {reflect}
rPois  +         Spirit   .     (helmet unavailable)
rElec  .         Dismiss  .     w - +0 cloak {rPois}
rCorr  .         Reflect  +     P - +0 pair of gloves
MR     .....     Harm     .     (no boots)
Stlth  .......... Rnd*Rage +    H - +3 amulet of reflection
                                Q - ring "Ymohek" {+Fly rF+ Str+6 Int-5 Dex+3}
                                J - ring of protection from cold

@: about to teleport, slowed, very slow
A: retaliatory headbutt, horns 3, talons 2, berserk 1, clever 1, no device heal
1, sturdy frame 1
a: Recall Ancestor, Ancestor Identity, Transference, Idealise, Renounce
Religion, Evoke Flight


You were on level 6 of the Lair of Beasts.
You worshipped Hepliaklqana.
Hepliaklqana was exalted by your worship.
You were hungry.

You visited 2 branches of the dungeon, and saw 19 of its levels.
You also visited: Labyrinth.

You collected 1023 gold pieces.

Inventory:

Hand Weapons
 q - a +0 scimitar of slicing (weapon)
 E - a +0 morningstar of electrocution
Missiles
 d - 4 throwing nets (quivered)
Armour
 u - the +2 scale mail of the Volcano (worn) {Str+4}
   (You found it in a labyrinth)

   It affects your strength (+4).
 w - a +0 cloak of poison resistance (worn)
 F - a +3 leather armour of poison resistance
 P - a +0 pair of gloves (worn)
 R - a +0 shield of reflection (worn)
Jewellery
 H - a +3 amulet of reflection (around neck)
 J - a ring of protection from cold (left hand)
 Q - the ring "Ymohek" (right hand) {+Fly rF+ Str+6 Int-5 Dex+3}
   (You found it on level 1 of the Lair of Beasts)

   [ring of strength]

   It affects your strength (+6).
   It affects your intelligence (-5).
   It affects your dexterity (+3).
   It protects you from fire.
   It lets you fly.
 T - an uncursed ring of protection from cold
Wands
 e - a wand of flame (20/48)
 r - a wand of enslavement (5/24)
 C - a wand of polymorph (14/24)
 D - a wand of teleportation (0/9)
 K - a wand of paralysis (7/24)
 L - a wand of lightning (11/15)
 S - a wand of paralysis (12/24)
 U - a wand of heal wounds (3/9)
 V - a wand of enslavement (17/24)
 Y - a wand of confusion (29/48)
Scrolls
 c - a scroll of fog
 g - a scroll of enchant weapon
 h - a scroll of enchant armour
 i - 3 scrolls of amnesia
 m - 8 scrolls of teleportation
 n - 2 scrolls of magic mapping
 z - 3 scrolls of blinking
 I - 5 scrolls of remove curse
Potions
 a - a potion of agility
 j - 6 potions of lignification
 k - 5 potions of curing
 l - 3 potions of brilliance
 t - a potion of cancellation
 x - 4 potions of haste
 A - 2 potions of cure mutation
 B - a potion of ambrosia
 G - a potion of resistance
 O - 4 potions of heal wounds
 W - 2 potions of magic
Books
 b - a book of Annihilations

   Spells                             Type                      Level
   a - Poison Arrow                   Conjuration/Poison           6
   b - Chain Lightning                Conjuration/Air              8
   c - Lehudib's Crystal Spear        Conjuration/Earth            8
   d - Glaciate                       Conjuration/Ice              9
   e - Fire Storm                     Conjuration/Fire             9
 o - a Grand Grimoire

   Spells                             Type                      Level
   a - Monstrous Menagerie            Summoning                    7
   b - Summon Greater Demon           Summoning                    7
   c - Malign Gateway                 Summoning/Translocation      7
   d - Summon Horrible Things         Summoning                    8
 v - a book of Maledictions

   Spells                             Type                      Level
   a - Corona                         Hexes                        1
   b - Ensorcelled Hibernation        Hexes/Ice                    2
   c - Confuse                        Hexes                        3
   d - Tukima's Dance                 Hexes                        3
   e - Dazzling Spray                 Conjuration/Hexes            3
 y - a book of Cantrips

   Spells                             Type                      Level
   a - Confusing Touch                Hexes                        1
   b - Animate Skeleton               Necromancy                   1
   c - Summon Small Mammal            Summoning                    1
   d - Apportation                    Translocation                1
 M - a book of Callings

   Spells                             Type                      Level
   a - Summon Small Mammal            Summoning                    1
   b - Call Imp                       Summoning                    2
   c - Call Canine Familiar           Summoning                    3
   d - Summon Guardian Golem          Hexes/Summoning              3
   e - Summon Lightning Spire         Summoning/Air                4
   f - Summon Ice Beast               Ice/Summoning                4
Comestibles
 f - 5 bread rations
 p - 9 meat rations
 s - 37 fruits


   Skills:
 + Level 11.8 Fighting
 * Level 16.2 Long Blades
 - Level 2.0 Throwing
 + Level 10.9 Armour
 + Level 11.1 Dodging
 + Level 10.6 Shields
 + Level 5.3 Invocations


You had 12 spell levels left.
You didn't know any spells.

Dungeon Overview and Level Annotations

Branches:
Dungeon (13/15)            Temple (0/1) D:5            Lair (6/6) D:11
  Swamp (0/4) Lair:2       Spider (0/4) Lair:4          Orc (0/2) D:12
 Vaults (0/5) D:13
  Slime: Lair:5-6

Altars:
Dithmenos
Elyvilon
Hepliaklqana
Okawaru
Qazlal
Ru
Trog
Uskayaw
Vehumet
Xom
Yredelemnul
The Shining One

Shops:
D:4 [

Annotations:
D:13 Nessos, Rupert, Urug
Lair:5 exclusion: 3 oklob plants
Lair:6 1 runed door


Innate Abilities, Weirdness & Mutations

You reflexively headbutt those who attack you in melee.
You have a pair of large horns on your head.
You have razor-sharp toenails.
You tend to lose your temper in combat.
Your mind is acute. (Int +2)
Potions and wands are less effective at restoring your health.
Your movements are slightly less encumbered by armour. (ER -2)


Message History

As you read the scroll of teleportation, it crumbles to dust.
You feel strangely unstable. The lindwurm completely misses you.
You riposte.
A wasp comes into view.
The wasp buzzes angrily.
You hit the lindwurm. Your kick misses the lindwurm.
The lindwurm is lightly wounded.
You block the lindwurm's attack. x2; The giant leech misses you.
You riposte.
You miss the giant leech.
You claw the giant leech, but do no damage.
Your headbutt misses the giant leech.
The giant leech is moderately wounded.
The lindwurm breathes flames at you. The blast of flame hits you! You resist.
* * * LOW HITPOINT WARNING * * *
Unknown command.
Unknown command.
Unknown command.
The lindwurm breathes flames at you. The blast of flame hits you! You resist.
You die...

######## # ###.P.##.#
####..
###........#####.....
##....###...@.##.....
##...†## ###...w#..#
#⌠..##.# #.##.ky.###
##...### ##
###†y..##.# +#.).##
##††w..# ##...#
##†.....# ##..##
....#.. ##..### ..###
###....# .#.


You could see a giant leech, a torpor snail, a lindwurm and 2 wasps.

Vanquished Creatures
  A minotaur (Lab)
  5 hydras
  Fannar (D:10)
  A centaur warrior (D:12)
  The ghost of ximxim the Nimble, a novice HEEn of Ashenzari (D:9)
  Pikel (D:4)
  A hill giant (D:10)
  4 torpor snails
  3 black mambas
  An elephant (D:11)
  10 spiny frogs
  2 centaur skeletons
  A gargoyle (D:12)
  3 rime drakes
  4 komodo dragons
  2 trolls
  A two-headed ogre (D:11)
  A polar bear (Lair:5)
  A giant leech (Lair:6)
  5 shadows
  A meliai zombie (D:10)
  2 wraiths
  A steam dragon (D:8)
  32 yaks
  Grum (D:9)
  6 basilisks
  3 hungry ghosts
  5 hippogriffs
  4 wargs (D:12)
  3 water moccasins
  5 porcupines
  3 orc warriors
  A sky beast (D:9)
  2 black bears (D:9)
  An ice beast (D:9)
  2 phantoms
  3 wasps (Lair:6)
  7 centaurs
  9 ogres
  2 necrophages
  3 wolves (D:9)
  4 crocodiles
  3 big kobolds
  14 giant frogs
  A gnoll sergeant (D:5)
  A wyvern zombie (D:9)
  2 scorpions
  10 killer bees
  3 wights (D:8)
  6 howler monkeys
  2 centaur zombies
  4 crimson imps
  2 quasits
  2 giant frog zombies
  6 hounds
  3 jellies (D:7)
  Crazy Yiuf (D:3)
  12 orc priests
  9 orc wizards
  Natasha (twice) (D:3)
  4 giant frog skeletons
  8 iguanas
  Ijyb (D:3)
  Terence (D:3)
  9 worker ants
  12 sheep
  A hound skeleton (D:9)
  A howler monkey zombie (D:10)
  2 worker ant zombies (D:11)
  8 gnolls
  4 adders
  13 river rats (Lair:3)
  2 shadow imps
  5 oozes
  2 adder skeletons
  3 worms
  2 dart slugs
  5 giant geckos
  38 orcs
  2 ball pythons (D:4)
  5 giant cockroaches
  5 goblins
  8 hobgoblins
  15 kobolds
  6 quokkas
  7 bats
  8 giant newts
  A quokka skeleton (D:5)
  9 rats
419 creatures vanquished.

Vanquished Creatures (collateral kills)
  2 hydras
  2 unseen horrors
  A hill giant (D:10)
  An orb spider (Lair:4)
  A torpor snail (Lair:6)
  A troll (D:12)
  2 slime creatures (D:12)
  A boulder beetle (Lair:6)
  A shadow (Lab)
  2 yaks
  A hungry ghost (Lab)
  An orc warrior (D:8)
  A sky beast (D:11)
  An ogre (D:5)
  2 centaurs
  A big kobold (D:11)
  Blork the orc (D:5)
  2 giant frogs
  2 scorpions
  A water moccasin skeleton (D:6)
  3 killer bees
  A wight (D:8)
  An electric eel (Lair:4)
  A howler monkey (D:8)
  2 orc priests
  A giant frog skeleton (D:12)
  2 orc wizards
  An iguana (Lair:1)
  A sheep (Lair:6)
  2 gnolls (D:4)
  A river rat (Lair:3)
  A shadow imp (D:12)
  A dart slug (D:3)
  9 orcs
  A ball python (D:5)
  A kobold (D:11)
56 creatures vanquished.

Vanquished Creatures (others)
  A necrophage (D:5)
  A centaur (D:12)
  A killer bee (D:9)
  5 knights
  An adder (D:5)
  A quokka (D:8)
  15 plants
25 creatures vanquished.

Grand Total: 500 creatures vanquished

Notes
Turn   | Place    | Note
-------+----------+-------------------------------------------
     0 | D:1      | inmateoo the Minotaur Gladiator began the quest for the Orb.
     0 | D:1      | Reached XP level 1. HP: 18/18 MP: 0/0
    64 | D:1      | Reached skill level 4 in Long Blades
    65 | D:1      | Reached XP level 2. HP: 22/25 MP: 1/1
   173 | D:1      | Reached XP level 3. HP: 28/30 MP: 2/2
   477 | D:2      | Found a basalt altar of Yredelemnul.
   533 | D:2      | Found a hazy altar of Hepliaklqana.
   538 | D:2      | Became a worshipper of Hepliaklqana
   663 | D:2      | You fall through a shaft for 2 floors!
   663 | D:4      | Noticed a phantom
   669 | D:4      | Reached skill level 5 in Long Blades
   669 | D:4      | Reached XP level 4. HP: 27/34 MP: 3/3
   696 | D:4      | Killed a phantom
   696 | D:4      | Reached XP level 5. HP: 10/41 MP: 4/4
  1341 | D:3      | Reached * piety under Hepliaklqana
  1413 | D:3      | Noticed Ijyb
  1414 | D:3      | Noticed Terence
  1422 | D:3      | Killed Ijyb
  1428 | D:3      | Killed Terence
  1428 | D:3      | Reached skill level 6 in Long Blades
  1754 | D:3      | Found a runed door.
  1791 | D:3      | Noticed Natasha
  1794 | D:3      | Killed Natasha
  1794 | D:3      | Reached XP level 6. HP: 47/47 MP: 5/5
  2141 | D:3      | Reached skill level 1 in Shields
  2496 | D:3      | Noticed Natasha
  2501 | D:3      | Killed Natasha
  2501 | D:3      | Reached skill level 1 in Armour
  2673 | D:3      | Noticed Crazy Yiuf
  2678 | D:3      | Killed Crazy Yiuf
  2912 | D:4      | Found a glowing golden altar of the Shining One.
  3022 | D:4      | Found a hide-covered altar of Uskayaw.
  3070 | D:4      | Reached ** piety under Hepliaklqana
  3071 | D:4      | Remembered your ancestor Pog as a knight
  3108 | D:4      | Reached skill level 7 in Long Blades
  3126 | D:4      | Reached XP level 7. HP: 54/54 MP: 6/6
  3158 | D:4      | Noticed a hungry ghost
  3168 | D:4      | Killed a hungry ghost
  3168 | D:4      | Reached skill level 5 in Dodging
  3252 | D:4      | Reached skill level 5 in Fighting
  3263 | D:4      | Found a stormy altar of Qazlal.
  3584 | D:4      | Found Gulankurph's Armour Shoppe.
  3599 | D:4      | Reached skill level 8 in Long Blades
  3599 | D:4      | Reached XP level 8. HP: 60/61 MP: 7/7
  3604 | D:4      | Found a sacrificial altar of Ru.
  3676 | D:5      | Entered Level 5 of the Dungeon
  3769 | D:5      | Noticed Blork the orc
  3775 | D:5      | Killed Blork the orc
  3832 | D:5      | Noticed Pikel
  3939 | D:4      | Killed Pikel
  3939 | D:4      | Reached skill level 9 in Long Blades
  4182 | D:5      | Found a staircase to the Ecumenical Temple.
  4285 | D:5      | Reached XP level 9. HP: 54/67 MP: 8/8
  4402 | D:5      | Reached *** piety under Hepliaklqana
  4422 | D:5      | Reached skill level 5 in Armour
  4768 | D:6      | Reached skill level 5 in Shields
  5075 | D:6      | Reached skill level 10 in Long Blades
  5318 | D:6      | Gained mutation: You have a pair of large horns on your head. [potion of mutation]
  5318 | D:6      | Gained mutation: You have sharp toenails. [potion of mutation]
  5318 | D:6      | Gained mutation: Potions and wands are less effective at restoring your health. [potion of mutation]
  5354 | D:6      | Found a radiant altar of Vehumet.
  5354 | D:6      | Found an iron altar of Okawaru.
  6209 | D:7      | Reached **** piety under Hepliaklqana
  6771 | D:8      | Reached XP level 10. HP: 64/79 MP: 7/9
  6796 | D:8      | Reached skill level 11 in Long Blades
  6928 | D:8      | Found a white marble altar of Elyvilon.
  7646 | D:9      | Noticed Grum
  7694 | D:9      | Killed Grum
  7751 | D:9      | Found a shadowy altar of Dithmenos.
  7800 | D:9      | Got a crude broad axe
  7803 | D:9      | Identified the cursed +0 broad axe "Zynargh" {chop, rPois Str-4 Int+4 SInv} (You found it on level 9 of the Dungeon)
  7811 | D:9      | Noticed ximxim's ghost (novice HEEn)
  7878 | D:9      | Killed ximxim's ghost
  7878 | D:9      | Reached skill level 12 in Long Blades
  8031 | D:9      | Found a bloodstained altar of Trog.
  8105 | D:9      | You fall through a shaft!
  8105 | D:10     | Entered Level 10 of the Dungeon
  8121 | D:10     | Reached ***** piety under Hepliaklqana
  8127 | D:10     | Noticed Fannar
  8127 | D:10     | Noticed a hill giant
  8137 | D:10     | Killed a hill giant
  8158 | D:10     | Killed Fannar
  8219 | D:10     | Reached XP level 11. HP: 36/85 MP: 5/10
  8281 | D:10     | Noticed a hill giant
  8298 | D:10     | Killed a hill giant
  8643 | D:9      | Found a bloodstained altar of Trog.
  9608 | D:11     | Reached skill level 13 in Long Blades
  9634 | D:11     | Found a staircase to the Lair.
 10208 | D:11     | Gained mutation: You have razor-sharp toenails. [mutagenic meat]
 10211 | D:11     | Gained mutation: You tend to lose your temper in combat. [mutagenic meat]
 10217 | D:11     | Gained mutation: Your movements are slightly less encumbered by armour. (ER -2) [mutagenic meat]
 10220 | D:11     | Gained mutation: Your mind is acute. (Int +2) [mutagenic meat]
 10338 | D:11     | Found a shimmering altar of Xom.
 10379 | D:11     | Killed an unseen horror
 10865 | D:12     | Reached ****** piety under Hepliaklqana
 10880 | D:12     | Found a staircase to the Orcish Mines.
 10900 | D:12     | Noticed a centaur warrior
 10910 | D:12     | Killed a centaur warrior
 11290 | D:12     | Killed an unseen horror
 11474 | D:12     | Reached skill level 10 in Fighting
 11822 | D:12     | Reached skill level 14 in Long Blades
 11822 | D:12     | Reached XP level 12. HP: 67/95 MP: 11/11
 12064 | D:12     | Reached skill level 1 in Invocations
 12286 | D:12     | Noticed a deep elf high priest
 12287 | D:12     | Noticed a frost giant
 12288 | D:12     | Noticed a stone giant
 12316 | D:12     | Noticed a fire dragon
 12488 | D:13     | Found a gate to the Vaults.
 12488 | D:13     | Noticed Nessos
 12488 | D:13     | Noticed a centaur warrior
 12488 | D:13     | Noticed Urug
 12488 | D:13     | Noticed Rupert
 12638 | Lair:1   | Entered Level 1 of the Lair of Beasts
 12673 | Lair:1   | Found a labyrinth entrance.
 12689 | Lair:1   | Got a steaming tin ring
 12693 | Lair:1   | Identified the ring "Ymohek" {+Fly rF+ Str+6 Int-5 Dex+3} (You found it on level 1 of the Lair of Beasts)
 12705 | Lab      | Entered a labyrinth
 12918 | Lab      | Reached skill level 10 in Dodging
 13715 | Lab      | Noticed a minotaur
 13721 | Lab      | Killed a minotaur
 13738 | Lab      | Got a jewelled scale mail
 13750 | Lab      | Identified the +2 scale mail of the Volcano {Str+4} (You found it in a labyrinth)
 14022 | Lair:1   | Noticed an eight-headed hydra
 14028 | Lair:1   | Killed an eight-headed hydra
 14081 | Lair:1   | Found a hide-covered altar of Uskayaw.
 14342 | Lair:1   | Got a slimy great mace
 14348 | Lair:1   | Identified the +9 great mace of Ylemiomoge {freeze, Str-4 Dex+3} (You found it on level 1 of the Lair of Beasts)
 14400 | Lair:2   | Noticed a five-headed hydra
 14408 | Lair:2   | Killed a five-headed hydra
 14408 | Lair:2   | Reached skill level 10 in Armour
 14750 | Lair:2   | Found a staircase to the Swamp.
 14750 | Lair:2   | Noticed a seven-headed hydra
 14757 | Lair:2   | Killed a seven-headed hydra
 14757 | Lair:2   | Reached skill level 15 in Long Blades
 15747 | Lair:3   | Reached XP level 13. HP: 88/104 MP: 14/14
 16417 | Lair:4   | Reached skill level 10 in Shields
 16669 | Lair:4   | Found a hole to the Spider Nest.
 17855 | Lair:6   | Entered Level 6 of the Lair of Beasts
 18151 | Lair:6   | Reached skill level 5 in Invocations
 18162 | Lair:6   | Reached skill level 16 in Long Blades
 18822 | Lair:6   | Found a runed door.
 18866 | Lair:6   | Killed from afar by a lindwurm

Vault maps used:
D:1:      minmay_arrival_hallway
D:2:      yredelemnul_altar_generic, lemuel_doored_altar
D:3:      st_stairs_12, uniq_iyjb, uniq_natasha, uniq_crazy_yiuf_cottage,
          uniq_terence
D:4:      lemuel_round_altar, marbit_many_paths,
          amethyst_overflow_temple_binary, first_bread, serial_shops,
          nicolae_shop_waterfront
D:5:      uniq_pikel, uniq_blork_the_orc
D:6:      gammafunk_temple_overflow_statue
D:8:      blue_anna_alchemist, elyvilon_altar_4
D:9:      nicolae_dithmenos_the_darkroom, kennysheep_mini_moat,
          trog_ov_bears_minmay, uniq_grum
D:10:     uniq_fannar
D:11:     david_lair_generic, basic_altar, minmay_crystal_water
D:12:     minmay_orc_entry_guard_dogs, minmay_the_grid_2x2
D:13:     david_vaults_3, minmay_st_funbox
Lair:1:   lab_entry_generic, basic_altar
Lair:2:   swamp_mist, minmay_holes
Lair:3:   grunt_megastairs_2
Lair:4:   nicolae_spider_entry_orb_guardian, grunt_forest_small_clearings,
          serial_bayou_shore_a
Lair:5:   minmay_slime_entry_oklob_enclosed, grunt_forest_stairs_basic,
          serial_bayou_shore_b
Lair:6:   wormcave, hangedman_lair_caniforms_friends
Lab:      nicolae_lab_do_over, nicolae_lab_dead_end, lab_block,
          labyrinth_fake_exit, nicolae_lab_stuck, lab_fountain, nicolae_lab_x,
          labyrinth_skeletal_remains, nicolae_lab_checkerboard

Skill      XL: |  1  2  3  4  5  6  7  8  9 10 11 12 13 |
---------------+----------------------------------------+-----
Long Blades    | 4 5 6 7 8 9 10 12 14 15 16 | 16.2
Fighting       | 3 4 5 6 7 8 10 11 | 11.8
Dodging        | 4 5 6 7 8 9 10 11 | 11.1
Shields        | 1 2 4 6 7 8 9 10 | 10.6
Armour         | 2 3 4 6 7 9 10 | 10.9
Invocations    | 3 5 |  5.3
Throwing       | |  2.0

Action                   |  1- 3 |  4- 6 |  7- 9 | 10-12 | 13-15 || total
-------------------------+-------+-------+-------+-------+-------++-------
Melee: Long sword        |    59 |   116 |   350 |    63 |       ||   588
       Headbutt          |    20 |    28 |    79 |   179 |    71 ||   377
       Kick              |       |       |    54 |   260 |   105 ||   419
       Scimitar          |       |       |       |   647 |   201 ||   848
       Morningstar       |       |       |       |    14 |     9 ||    23
       Great mace        |       |       |       |     2 |       ||     2
Throw: Throwing net      |       |       |       |     1 |       ||     1
Invok: Ancestor Identity |       |     2 |       |     1 |       ||     3
       Ancestor Life: Kn |       |     1 |       |       |       ||     1
       Recall Ancestor   |       |       |     1 |     3 |       ||     4
       Idealise          |       |       |       |     1 |       ||     1
Evoke: Wand              |       |       |       |     4 |       ||     4
  Use: Scroll            |       |       |     9 |    23 |     5 ||    37
       Potion            |       |       |     1 |     8 |     1 ||    10
 Stab: Distracted        |       |       |     4 |     4 |     1 ||     9
       Sleeping          |       |       |     1 |     1 |       ||     2
       Invisible         |       |       |       |     2 |       ||     2
  Eat: Chunk             |       |     6 |    14 |    30 |    10 ||    60
       Pizza             |       |       |       |     5 |       ||     5
       Fruit             |       |       |       |     2 |       ||     2
       Beef jerky        |       |       |       |     1 |       ||     1
Armor: Leather armour    |    17 |    18 |    34 |    89 |       ||   158
       Ring mail         |       |       |     2 |       |       ||     2
       Skin              |       |       |       |    19 |       ||    19
       Scale mail        |       |       |       |    15 |    33 ||    48
Dodge: Dodged            |    33 |    47 |   142 |   293 |    92 ||   607
Block: Shield            |       |    23 |   138 |   325 |   137 ||   623
       Reflection        |       |       |       |     4 |     1 ||     5
